 Dungeon Crawl Stone Soup version 0.28.0-53-g5a82cb258f (webtiles) character file.

Game seed: 11345832578527063970

121 Zeld the Chiller (level 5, -3/35 HPs)
             Began as a Merfolk Ice Elementalist on May 20, 2022.
             Slain by Grinder (9 damage)
             ... on level 3 of the Dungeon.
             The game lasted 00:02:44 (3369 turns).

Zeld the Chiller (Merfolk Ice Elementalist)         Turns: 3369, Time: 00:02:44

Health: -3/35      AC:  4    Str:  8    XL:     5   Next: 5%
Magic:  9/9        EV: 13    Int: 17    God:
Gold:   85         SH:  0    Dex: 14    Spells: 3/10 levels left

rFire   . . .      SeeInvis .   (no weapon)
rCold   . . .      Faith    .   (no shield)
rNeg    . . .      Spirit   .   a - +0 robe
rPois   .          Reflect  .   (no helmet)
rElec   .          Harm     .   f - +0 cloak
rCorr   .          Rampage  .   i - +0 pair of gloves
Will    .....                   (no boots)
Stlth   ++........              (no amulet)
HPRegen 0.11/turn               (no ring)
MPRegen 0.11/turn               (no ring)

@: no status effects
A: (nimble swimmer 2), mertail
a: no special abilities


You were on level 3 of the Dungeon.
You visited 1 branch of the dungeon, and saw 3 of its levels.

You collected 193 gold pieces.
You spent 108 gold pieces at shops.

Inventory:

Armour
 a - a +0 robe (worn)
 f - a +0 cloak (worn)
 i - a +0 pair of gloves (worn)
Scrolls
 b - a scroll of brand weapon {unknown}
 e - a scroll of enchant weapon {unknown}
 g - a scroll of fear {unknown}
 h - a scroll of blinking {unknown}
Potions
 c - 2 potions of lignification {unknown}
 d - 3 potions of ambrosia {unknown}
 j - a potion of degeneration {unknown}


   Skills:
 + Level 3.7 Dodging
 - Level 2.1 Stealth
 * Level 3.3 Spellcasting
 * Level 5.5 Ice Magic


You had 3 spell levels left.
You knew the following spells:

 Your Spells              Type           Power      Damage    Failure   Level
a - Freeze                Ice            84%        1d10      1%          1
b - Frozen Ramparts       Ice            42%        1d6       5%          3
c - Ozocubu's Armour      Ice            21%        N/A       5%          3

Your spell library contained the following spells:

 Spells                   Type           Power      Damage    Failure   Level
 Hailstorm                Conj/Ice       12%        3d5       47%         4
 Ozocubu's Refrigeration  Ice            10%        4d7       100%        7


Dungeon Overview and Level Annotations

Branches:
Dungeon (3/15)

Altars:

Shops:
D:3 [

Annotations:
D:3 Grinder


Innate Abilities, Weirdness & Mutations

((You are very nimble when in or above water. (Stealth+, EV+, Speed+++)))
Your lower body shifts to a powerful aquatic tail in water.


Message History

You freeze the quokka.
The quokka is moderately wounded.
The quokka misses you. The quokka completely misses you.
Unknown command.
Unknown command.
Casting: Freeze (safe; 1% risk of failure)
Confirm with . or Enter, or press ? or * to list all spells.
Aiming: Freeze (safe; 1% risk of failure)
Press: ? - help, Shift-Dir - straight line, f/p - quokka
Aim: a quokka (moderately wounded)
You freeze the quokka!
You kill the quokka!
Grinder comes into view.
Unknown command.
Unknown command.
Casting: Freeze (safe; 1% risk of failure)
Confirm with . or Enter, or press ? or * to list all spells.
You can't see any susceptible monsters within range! (Use Z to cast anyway.) Grinder is nearby!
Press: ? - help, v - describe, . - travel
Here: Grinder The floor.
Grinder gestures at you. Pain shoots through your body!
Grinder gestures at you. Pain shoots through your body!
Grinder gestures at you.
You suddenly lose the ability to move!
Grinder gestures at you. Pain shoots through your body!
Grinder gestures at you. Pain shoots through your body!
Grinder blinks!
You can move again.
You hit Grinder but do no damage.
Grinder says, "Wait up."
Grinder hits you!
* * * LOW HITPOINT WARNING * * *
You hit Grinder but do no damage. Grinder hits you!
You die...

#.#.#
#.#####.####..
#.#.#
#...<.........
#.#.#
#######.######
#.#.# #.# #.#.#
## #.# #.#.# ..
... #...# .# #.#
##..####### .#
#.#
#.....5@.####.#
.#
#.######...ยง..#
#.# #####....$.#
#.# #.###### #..
..# ### ###


You could see Grinder.

Vanquished Creatures
  6 adders
  2 worms
  2 dart slugs (D:2)
  5 ball pythons
  3 bats
  6 endoplasms
  2 giant cockroaches
  6 goblins
  6 hobgoblins
  2 jackals (D:3)
  4 kobolds
  4 quokkas
  7 frilled lizards
  A rat (D:3)
56 creatures vanquished.

Vanquished Creatures (others)
  2 fungi (D:1)
  4 toadstools (D:1)
6 creatures vanquished.

Grand Total: 62 creatures vanquished

Notes
Turn   | Place    | Note
-------+----------+-------------------------------------------
     0 | D:1      | Zeld the Merfolk Ice Elementalist began the quest for the
                  | Orb.
     0 | D:1      | Reached XP level 1. HP: 13/13 MP: 3/3
   319 | D:1      | Reached XP level 2. HP: 19/19 MP: 3/5
  1414 | D:2      | Reached XP level 3. HP: 24/24 MP: 4/6
  1418 | D:2      | Learned a level 3 spell: Frozen Ramparts
  1422 | D:2      | Learned a level 3 spell: Ozocubu's Armour
  1723 | D:2      | Reached skill level 5 in Ice Magic
  2086 | D:2      | Found Ythixt's Armour Emporium.
  2109 | D:2      | Reached XP level 4. HP: 28/30 MP: 2/8
  2427 | D:2      | Found a faded altar of an unknown god.
  3045 | D:3      | Found Sirghud's Antique Armour Shop.
  3092 | D:3      | Bought a pair of gloves for 108 gold pieces
  3211 | D:3      | Reached XP level 5. HP: 30/35 MP: 5/9
  3358 | D:3      | Noticed Grinder
  3363 | D:3      | Paralysed by Grinder for 5 turns
  3369 | D:3      | Slain by Grinder

Illustrated notes

Levels and vault maps discovered:
D:1:      minmay_arrival_doors, layout_basic, grunt_decor_mini_mirrors,
          minmay_gold_behind_fungi
D:2:      layout_loops_cross, ebering_ecumenical_altar_abandoned, serial_shops,
          shop, minmay_tromino_v4_a
D:3:      layout_loops_ring, serial_shops, nicolae_square_shop, uniq_grinder

Skill      XL: |  1  2  3  4 |
---------------+-------------+-----
Dodging        | 3 |  3.7
Ice Magic      | 5 |  5.5
Spellcasting   | 3 |  3.3
Stealth        | |  2.1

Action                   |  1- 3 |  4- 6 || total
-------------------------+-------+-------++-------
Melee: Unarmed           |    30 |    12 ||    42
       Punch             |       |     1 ||     1
 Cast: Freeze            |    57 |    41 ||    98
 Stab: Sleeping          |     2 |       ||     2
Armor: Robe              |    18 |     9 ||    27
Dodge: Dodged            |    38 |    27 ||    65
